 Dungeon Crawl Stone Soup version 0.27.1-33-g824d729ab1 (webtiles) character file.

Game seed: 7699276821197784745

1190 Kaptain the Digger (level 8, -5/52 HPs)
             Began as an Octopode Earth Elementalist on Dec 18, 2021.
             Shot with an arrow by a centaur (13 damage)
             ... on level 5 of the Dungeon.
             The game lasted 00:17:02 (6656 turns).

Kaptain the Digger (Octopode Earth Elementalist)    Turns: 6656, Time: 00:17:02

Health: -5/52      AC:  1    Str:  7    XL:     8   Next: 43%
Magic:  6/15       EV: 14    Int: 19    God:
Gold:   151        SH:  0    Dex: 13    Spells: 1/16 levels left

rFire    . . .     SeeInvis .   o - staff of cold
rCold    + + +     Faith    .   (no shield)
rNeg     . . .     Spirit   .   (helmet restricted)
rPois    .         Reflect  .   (no amulet)
rElec    .         Harm     .   l - ring of protection from cold
rCorr    .         Rampage  .   b - ring of protection from cold
Will     .....                  (no ring)
Stlth    ++++......             (no ring)
HPRegen  0.17/turn              (no ring)
MPRegen  0.14/turn              (no ring)
                                (no ring)
                                (no ring)

@: no status effects
A: almost no armour, amphibious, 8 rings, camouflage 1, gelatinous body 1,
(nimble swimmer 1), tentacles
a: no special abilities


You were on level 5 of the Dungeon.
You visited 2 branches of the dungeon, and saw 6 of its levels.

You collected 151 gold pieces.

Inventory:

Hand Weapons
 h - a +0 trident
 n - a +1 dagger of protection
Magical Staves
 o - a staff of cold (weapon)
Jewellery
 b - a ring of protection from cold (right tentacle)
 l - a ring of protection from cold (left tentacle)
Wands
 g - a wand of flame (8)
 k - a wand of acid (6)
Scrolls
 e - a scroll of fear
 m - a scroll of identify
 r - 2 scrolls of teleportation {unknown}
 s - a scroll of vulnerability {unknown}
Potions
 a - 2 potions of brilliance {unknown}
 c - a potion of invisibility
 d - a potion of resistance
 f - a potion of lignification
 j - a potion of cancellation
 p - a potion of flight


   Skills:
 + Level 3.3 Fighting
 + Level 3.9 Dodging
 + Level 5.4 Stealth
 * Level 4.9 Spellcasting
 + Level 2.6 Conjurations
 - Level 1.0 Transmutations
 * Level 5.9 Earth Magic


You had one spell level left.
You knew the following spells:

 Your Spells              Type           Power      Damage    Failure   Level
a - Sandblast             Erth           54%        2d13      1%          1
b - Passwall              Tmut/Erth      14%        N/A       4%          2
c - Stone Arrow           Conj/Erth      40%        3d9       6%          3
d - Bolt of Magma         Conj/Fire/Erth 7%         4d6       73%         5
e - Animate Skeleton      Necr           8%         N/A       13%         1
f - Mephitic Cloud        Conj/Pois/Air  7%         N/A       26%         3

Your spell library contained the following spells:

 Spells                   Type           Power      Damage    Failure   Level
 Pain                     Necr           16%        1d4       13%         1
 Wereblood                Tmut           8%         N/A       13%         2
 Sublimation of Blood     Necr           2%         N/A       19%         2
 Petrify                  Tmut/Erth      17%        N/A       30%         4
 Ignite Poison            Fire/Tmut/Pois 5%         N/A       32%         3
 Vampiric Draining        Necr           2%         2d6       36%         3
 Agony                    Necr           4%         N/A       98%         5
 Excruciating Wounds      Necr           2%         N/A       98%         5
 Summon Hydra             Summ           2%         N/A       100%        7


Dungeon Overview and Level Annotations

Branches:
Dungeon (5/15)             Temple (1/1) D:4

Altars:
Ashenzari
Dithmenos
Elyvilon
Fedhas
Hepliaklqana
Makhleb
Nemelex Xobeh
Okawaru
Ru
Sif Muna
Vehumet
Wu Jian
Xom
Yredelemnul
Zin
The Shining One

Annotations:
D:3 2 runed translucent doors, kalagan's ghost, amateur DECj


Innate Abilities, Weirdness & Mutations

You cannot wear most types of armour.
You are amphibious.
You can wear up to eight rings at the same time.
Your skin changes colour to match your surroundings (Stealth+).
Your rubbery body absorbs attacks. (AC +1, EV +1)
((You are camouflaged near water. (Stealth+)))
You have tentacles for arms and can constrict up to eight enemies at once.


Message History

You open the door.
There is an open door here.
An orc comes into view. It is wielding a +0 short sword.
A centaur comes into view.
Found a scale mail.
The centaur shouts!
The orc shouts!
The centaur wields a +0 shortbow.
The centaur shoots an arrow.
The arrow hits you!
The centaur shoots an arrow.
The arrow misses you.
Found 15 arrows.
The centaur shoots an arrow.
The arrow hits you!
The centaur shoots an arrow.
The arrow hits you!
Casting: Stone Arrow (dangerous; 7% risk of failure)
Confirm with . or Enter, or press ? or * to list all spells.
Aiming: Stone Arrow (dangerous; 7% risk of failure)
Press: ? - help, Shift-Dir - straight line, f - orc
Aim: an orc, wielding a +0 short sword (71% to hit)
The stone arrow hits the orc!
You kill the orc!
The centaur shoots an arrow.
The arrow hits you!
* * * LOW HITPOINT WARNING * * *
The centaur shoots an arrow.
The arrow misses you.
Casting: Stone Arrow (dangerous; 6% risk of failure)
Confirm with . or Enter, or press ? or * to list all spells.
Aiming: Stone Arrow (dangerous; 6% risk of failure)
Press: ? - help, Shift-Dir - straight line, f - centaur
Aim: a centaur, wielding a +0 shortbow and quivering arrows (83% to hit)
The stone arrow hits the centaur!
The centaur is heavily wounded.
Unknown command.
Casting: Stone Arrow (dangerous; 6% risk of failure)
Confirm with . or Enter, or press ? or * to list all spells.
Aiming: Stone Arrow (dangerous; 6% risk of failure)
Press: ? - help, Shift-Dir - straight line, f/p - centaur
Aim: a centaur, wielding a +0 shortbow and quivering arrows (heavily wounded, 83% to hit)
The stone arrow hits the centaur.
The centaur is severely wounded.
The centaur shoots an arrow.
The arrow hits you!
* * * LOW HITPOINT WARNING * * *
The centaur shoots an arrow.
The arrow hits you!
You die...

####.#####.#... #
#.#####..# .#..# #
#.......<# # .#..# #
#######..###.####.#..# #
##.)............[ ##
##.....######.... .##
##.......## #..##
..####.........####...#.##.
.....+.........'@)c.......(
..####......[..####.....##.
.## ##.......## #...### ##
##.....## #.#.#
##...#######.....
##..........#.###
#..#######.# # ##### #..#
#.# ....######..#####


You could see a centaur.

Vanquished Creatures
  A sky beast (D:5)
  An ice beast (D:3)
  2 ogres (D:5)
  A necrophage (D:5)
  A gnoll sergeant (D:5)
  3 scorpions
  2 water moccasin zombies (D:5)
  A water moccasin skeleton (D:5)
  3 hounds (D:4)
  A bullfrog skeleton (D:5)
  2 iguanas
  An orc wizard (D:3)
  A hound skeleton (D:5)
  4 adders
  A river rat (D:3)
  2 adder skeletons
  A worm (D:2)
  A dart slug (D:4)
  11 orcs
  6 bats
  8 endoplasms
  2 giant cockroaches
  5 goblins
  5 hobgoblins
  5 jackals
  5 quokkas
  6 ball pythons
  3 frilled lizards
  5 kobolds
  8 rats
98 creatures vanquished.

Vanquished Creatures (others)
  8 plants
8 creatures vanquished.

Grand Total: 106 creatures vanquished

Notes
Turn   | Place    | Note
-------+----------+-------------------------------------------
     0 | D:1      | Kaptain the Octopode Earth Elementalist began the quest for
                  | the Orb.
     0 | D:1      | Reached XP level 1. HP: 11/11 MP: 3/3
   603 | D:1      | Reached XP level 2. HP: 17/17 MP: 3/5
  1106 | D:1      | Reached XP level 3. HP: 22/22 MP: 3/6
  1595 | D:2      | Reached skill level 1 in Fighting
  2489 | D:3      | Reached XP level 4. HP: 28/28 MP: 5/7
  2551 | D:3      | Learned a level 2 spell: Passwall
  2555 | D:3      | Learned a level 3 spell: Stone Arrow
  2607 | D:3      | Found a faded altar of an unknown god.
  3021 | D:3      | Noticed an ice beast
  3036 | D:3      | Reached XP level 5. HP: 12/33 MP: 9/9
  3435 | D:3      | Found a large runed translucent door.
  3436 | D:3      | Found a large runed translucent door.
  3438 | D:3      | Noticed kalagan's ghost (amateur DECj)
  3694 | D:3      | Killed an ice beast
  3695 | D:3      | Reached XP level 6. HP: 22/39 MP: 1/11
  4451 | D:4      | Reached skill level 1 in Conjurations
  4612 | D:4      | Found a staircase to the Ecumenical Temple.
  4654 | Temple   | Entered the Ecumenical Temple
  5178 | D:5      | Entered Level 5 of the Dungeon
  5229 | D:5      | Reached XP level 7. HP: 40/45 MP: 2/12
  5470 | D:5      | Reached skill level 5 in Earth Magic
  6158 | D:5      | Reached skill level 5 in Stealth
  6158 | D:5      | Reached XP level 8. HP: 52/52 MP: 7/14
  6326 | D:5      | Learned a level 5 spell: Bolt of Magma
  6328 | D:5      | Learned a level 1 spell: Animate Skeleton
  6332 | D:5      | Learned a level 3 spell: Mephitic Cloud
  6656 | D:5      | Shot with an arrow by a centaur

Illustrated notes

Levels and vault maps discovered:
D:1:      kilobyte_arrival_exit_the_forest, layout_basic, kennysheep_boxes
D:2:      layout_loops_ring
D:3:      layout_rooms, portal_sewer_entry_c, ebering_ghost_disaster_area,
          dreamdust_ecumenical_altar_statues, minmay_starry_boxes
D:4:      layout_basic, minmay_temple_entry_mist, serial_bayou_ford_a
D:5:      layout_loops_corners, minmay_diced_spiral
Temple:   regret_index_temple_sphere_string

Skill      XL: |  1  2  3  4  5  6  7 |
---------------+----------------------+-----
Stealth        | 3 4 5 |  5.4
Fighting       | 1 2 3 |  3.3
Spellcasting   | 3 4 |  4.9
Earth Magic    | 4 5 |  5.9
Dodging        | 3 |  3.9
Conjurations   | 1 2 |  2.6
Transmutations | |  1.0

Action                   |  1- 3 |  4- 6 |  7- 9 || total
-------------------------+-------+-------+-------++-------
Melee: Dagger            |    23 |    26 |       ||    49
       Constrict         |     5 |    19 |     2 ||    26
       Tentacles         |     1 |    14 |     5 ||    20
       Staff             |       |    59 |    12 ||    71
 Cast: Sandblast         |    50 |    18 |       ||    68
       Stone Arrow       |       |    20 |    41 ||    61
  Use: Potion            |       |     1 |     1 ||     2
       Scroll            |       |     8 |       ||     8
 Stab: Sleeping          |     2 |     4 |       ||     6
       Distracted        |       |     1 |       ||     1
Armor: Skin              |     6 |     9 |       ||    15
Dodge: Dodged            |    23 |    80 |    15 ||   118
